 Dungeon Crawl Stone Soup version 0.28-a0-1190-g77e1c55843 (webtiles) character file.

Game seed: 12723299134218995018

444 freelancePsychic the Digger (level 7, -3/50 HPs)
             Began as a Formicid Earth Elementalist on Dec 18, 2021.
             Slain by Pikel (13 damage)
             ... on level 3 of the Dungeon.
             The game lasted 00:10:07 (4370 turns).

freelancePsychic the Digger (FoEE)                  Turns: 4370, Time: 00:10:07

Health: -3/50      AC:  2    Str: 12    XL:     7   Next: 23%
Magic:  5/11       EV: 16    Int: 17    God:
Gold:   158        SH:  0    Dex: 11    Spells: 7/12 levels left

rFire   . . .      SeeInvis +   k - +3 dagger (freeze)
rCold   . . .      Faith    .   (no shield)
rNeg    . . .      Spirit   .   b - +0 robe
rPois   .          Reflect  .   (helmet unavailable)
rElec   .          Harm     .   (no cloak)
rCorr   .          Rampage  .   (no gloves)
Will    .....                   (no boots)
Stlth   ++........              (no amulet)
HPRegen 0.16/turn               j - +4 ring of evasion
MPRegen 0.12/turn               (no ring)

@: no status effects
A: permanent stasis, dig shafts and tunnels, antennae 3, four strong arms
a: Dig, Shaft Self


You were on level 3 of the Dungeon.
You visited 1 branch of the dungeon, and saw 5 of its levels.

You collected 158 gold pieces.

Inventory:

Hand Weapons
 a - a +0 dagger
 k - a +3 dagger of freezing (weapon)
Missiles
 c - 39 stones
Armour
 b - a +0 robe (worn)
Jewellery
 j - a +4 ring of evasion (left hand)
 o - an amulet of guardian spirit
Scrolls
 e - 2 scrolls of magic mapping {unknown}
 g - a scroll of teleportation {unknown}
 h - a scroll of fear {unknown}
 i - 4 scrolls of identify {unknown}
 n - a scroll of noise {unknown}
 p - 3 scrolls of amnesia {unknown}
Potions
 d - a potion of attraction {unknown}
 f - 2 potions of curing {unknown}
 l - 3 potions of degeneration {unknown}
 m - 2 potions of heal wounds {unknown}
 q - a potion of flight {unknown}


   Skills:
 - Level 2.0 Fighting
 - Level 1.7 Dodging
 - Level 2.4 Stealth
 - Level 3.0 Spellcasting
 + Level 3.5 Conjurations
 - Level 1.1 Transmutations
 + Level 2.6 Fire Magic
 - Level 5.8 Earth Magic


You had 7 spell levels left.
You knew the following spells:

 Your Spells              Type           Power      Damage    Failure   Level
a - Sandblast             Erth           44%        2d11      1%          1
b - Stone Arrow           Conj/Erth      36%        3d9       8%          3
c - Foxfire               Conj/Fire      52%        2x1d6     4%          1

Your spell library contained the following spells:

 Spells                   Type           Power      Damage    Failure   Level
 Passwall                 Tmut/Erth      11%        N/A       6%          2
 Conjure Flame            Conj/Fire      13%        6-21      14%         3
 Inner Flame              Hex/Fire       7%         N/A       30%         3
 Petrify                  Tmut/Erth      14%        N/A       38%         4
 Flame Wave               Conj/Fire      13%        2d5       43%         4


Dungeon Overview and Level Annotations

Branches:
Dungeon (5/15)
 Temple: D:4-7

Altars:
Uskayaw
Xom

Annotations:
D:3 2 runed translucent doors, Pikel


Innate Abilities, Weirdness & Mutations

You cannot be hasted, slowed, berserked, paralysed or teleported.
You can dig through walls and to a lower floor.
You have a pair of large antennae on your head. (SInv)
Your four strong arms can wield two-handed weapons with a shield.


Message History

The stone arrow misses Pikel.
Pikel hits you with a +2 whip of electrocution!
Casting: Stone Arrow (dangerous; 8% risk of failure)
Confirm with . or Enter, or press ? or * to list all spells.
Aiming: Stone Arrow (dangerous; 8% risk of failure)
Press: ? - help, Shift-Dir - straight line, f/p - Pikel
Aim: Pikel, wielding a +2 whip of electrocution and wearing a +0 robe (lightly wounded, 60% to hit)
The stone arrow hits Pikel!
Pikel is moderately wounded.
Pikel hits you with a +2 whip of electrocution!
You are electrocuted!
Pikel cracks his whip.
Pikel says, "You'll burn in Gehenna!"
Casting: Stone Arrow (dangerous; 8% risk of failure)
Confirm with . or Enter, or press ? or * to list all spells.
Aiming: Stone Arrow (dangerous; 8% risk of failure)
Press: ? - help, Shift-Dir - straight line, f/p - Pikel
Aim: Pikel, wielding a +2 whip of electrocution and wearing a +0 robe (moderately wounded, 60% to hit)
The stone arrow hits Pikel!
Pikel is heavily wounded.
Pikel closely misses you.
Casting: Stone Arrow (dangerous; 8% risk of failure)
Confirm with . or Enter, or press ? or * to list all spells.
Aiming: Stone Arrow (dangerous; 8% risk of failure)
Press: ? - help, Shift-Dir - straight line, f/p - Pikel
Aim: Pikel, wielding a +2 whip of electrocution and wearing a +0 robe (heavily wounded, 60% to hit)
The stone arrow hits Pikel.
Pikel is heavily wounded.
Pikel misses you.
Casting: Stone Arrow (dangerous; 8% risk of failure)
Confirm with . or Enter, or press ? or * to list all spells.
Aiming: Stone Arrow (dangerous; 8% risk of failure)
Press: ? - help, Shift-Dir - straight line, f/p - Pikel
Aim: Pikel, wielding a +2 whip of electrocution and wearing a +0 robe (heavily wounded, 60% to hit)
The stone arrow misses Pikel.
Pikel hits you with a +2 whip of electrocution!
You are electrocuted!
* * * LOW HITPOINT WARNING * * *
Pikel hits you with a +2 whip of electrocution!
You die...

#......##.###{..K.+.##..#.#######
........#####.K).##.......#
..>......#.##... #........#
............### ##........#######
........#...# #.........#......
........#..## #...........#####
..........#######.####..########
##.###....).........##.........#
##.##<.........K@.#............##
#...........[.####...............
...#...##..........#............#
................###.............#
#.....#..##.#..........#......#..
##......###(##.[....#........#..#
#......# #.##.##.......####.....
##......# #.#....................
#.......###......##.#####.....#..


You could see Pikel.

Vanquished Creatures
  A necrophage (D:4)
  A centaur (D:5)
  A lemure (D:3)
  An orc priest (D:3)
  2 iguanas
  2 orc wizards (D:3)
  Robin (D:2)
  A howler monkey skeleton (D:5)
  3 adders
  An adder skeleton (D:4)
  4 worms
  3 dart slugs
  3 orcs
  An endoplasm (D:1)
  4 giant cockroaches
  18 goblins
  4 hobgoblins
  7 jackals
  9 kobolds
  A quokka (D:4)
  5 ball pythons
  4 bats
  3 rats (D:1)
80 creatures vanquished.

Vanquished Creatures (others)
  109 foxfires
109 creatures vanquished.

Grand Total: 189 creatures vanquished

Notes
Turn   | Place    | Note
-------+----------+-------------------------------------------
     0 | D:1      | freelancePsychic the Formicid Earth Elementalist began the
                  | quest for the Orb.
     0 | D:1      | Reached XP level 1. HP: 13/13 MP: 3/3
   151 | D:1      | Reached XP level 2. HP: 19/19 MP: 5/5
   269 | D:1      | Reached skill level 4 in Earth Magic
   481 | D:1      | Reached skill level 1 in Conjurations
  1081 | D:2      | Reached XP level 3. HP: 24/24 MP: 6/6
  1339 | D:2      | Found a hide-covered altar of Uskayaw.
  1513 | D:2      | Noticed Robin
  1794 | D:2      | Reached XP level 4. HP: 29/30 MP: 5/8
  2005 | D:2      | Killed Robin
  2144 | D:2      | Reached skill level 1 in Fighting
  2270 | D:3      | Found a faded altar of an unknown god.
  2344 | D:3      | Reached XP level 5. HP: 19/37 MP: 5/9
  2350 | D:3      | Reached skill level 5 in Earth Magic
  2526 | D:3      | Found a large runed translucent door.
  2526 | D:3      | Found a large runed translucent door.
  2534 | D:3      | Learned a level 3 spell: Stone Arrow
  2536 | D:3      | Learned a level 1 spell: Foxfire
  2537 | D:3      | Found a shimmering altar of Xom.
  2706 | D:3      | Reached skill level 1 in Fire Magic
  2868 | D:3      | Reached XP level 6. HP: 41/44 MP: 6/10
  3326 | D:4      | Noticed Pikel
  3631 | D:4      | Noticed a necrophage
  3641 | D:4      | Killed a necrophage
  3856 | D:5      | Entered Level 5 of the Dungeon
  3908 | D:5      | Reached XP level 7. HP: 18/50 MP: 3/11
  4250 | D:5      | Noticed a steam dragon
  4370 | D:3      | Slain by Pikel

Illustrated notes

Levels and vault maps discovered:
D:1:      dpeg_arrival_arbitrary_a, layout_basic, st_stairs_7
D:2:      layout_rooms, basic_altar, grunt_ministairs_2, uniq_robin
D:3:      due_chaos_kobolds, layout_rooms, basic_ecumenical_altar,
          kennysheep_generic_room_14
D:4:      layout_cave_pools, corner_web_ring, uniq_pikel
D:5:      layout_cave_pools, nicolae_vehumet_radiance,
          minmay_overflow_temple_star_quad, hex_large

Skill      XL: |  1  2  3  4  5  6 |
---------------+-------------------+-----
Earth Magic    | 4 5 |  5.8
Conjurations   | 1 2 3 |  3.5
Spellcasting   | 3 |  3.0
Fighting       | 1 2 |  2.0
Fire Magic     | 1 2 |  2.6
Dodging        | |  1.7
Stealth        | |  2.4
Transmutations | |  1.1

Action                   |  1- 3 |  4- 6 |  7- 9 || total
-------------------------+-------+-------+-------++-------
Melee: Dagger            |    50 |    32 |       ||    82
 Cast: Sandblast         |    26 |    30 |     1 ||    57
       Foxfire           |       |    56 |     5 ||    61
       Stone Arrow       |       |     3 |     7 ||    10
 Stab: Sleeping          |     3 |       |       ||     3
Armor: Robe              |     8 |     9 |       ||    17
Dodge: Dodged            |    36 |    55 |     6 ||    97

Table legend: (Time is in decaauts)
 A = Elapsed time spent in this place.
 B = Non-inter-level travel time spent in this place.
 C = Inter-level travel time spent in this place.
 D = Time resting spent in this place.
 E = Time spent auto-exploring this place.
 F = Levels seen in this place.
 G = Mean time per level.
                   A        B        C        D        E       F      G
               +--------+--------+--------+--------+--------+-----+--------+
         Total |   4374 |   4206 |    168 |    278 |   3084 |   5 |  874.8 |
       Dungeon |   4374 |   4206 |    168 |    278 |   3084 |   5 |  874.8 |
               +--------+--------+--------+--------+--------+-----+--------+

Top non-repeatable levels by time:
     D:1: 1468 daAuts
     D:3: 1123 daAuts
     D:2: 812 daAuts
     D:4: 568 daAuts
     D:5: 401 daAuts
